 Dungeon Crawl Stone Soup version 0.30-a0-341-g682706514a (webtiles) character file.

Game seed: 3238505312403008846

2271 LnG the Covert (level 9, -4/48 HPs)
             Began as a Kobold Summoner on Nov 3, 2022.
             Was an Initiate of Dithmenos.
             Killed by divine providence
             ... invoked by an orc priest
              (12 damage)
             ... on level 6 of the Dungeon on Nov 4, 2022.
             The game lasted 00:33:08 (7911 turns).

LnG the Covert (Kobold Summoner)                    Turns: 7911, Time: 00:33:11

Health: -4/48      AC:  5    Str:  5    XL:     9   Next: 65%
Magic:  23/26      EV: 17    Int: 21    God:    Dithmenos [......]
Gold:   305        SH:  5    Dex: 15    Spells: 5/18 levels left

rFire   . . .      SeeInvis +    g - +1 rapier
rCold   . . .      Faith    .    (no shield)
rNeg    . . .      Spirit   .    a - +1 robe
rPois   .          Reflect  +    (no helmet)
rElec   .          Harm     .    (no cloak)
rCorr   .          Rampage  .    q - +1 pair of gloves
Will    .....                    (no boots)
Stlth   +++++.....               i - amulet of reflection
HPRegen 0.28/turn                l - ring of magical power
MPRegen 0.20/turn                u - ring of see invisible

@: very slightly contaminated
A: small, no large weapons, nightstalker 3
a: Renounce Religion


You were on level 6 of the Dungeon.
You worshipped Dithmenos.
Dithmenos was noncommittal.
You visited 2 branches of the dungeon, and saw 8 of its levels.

You collected 305 gold pieces.

Inventory:

Hand Weapons
 f - a +0 short sword
 g - a +1 rapier (weapon)
Armour
 a - a +1 robe (worn)
 q - a +1 pair of gloves (worn)
Jewellery
 i - an amulet of reflection (around neck)
 l - a ring of magical power (left hand)
 u - a ring of see invisible (right hand)
 v - a ring of flight
Scrolls
 d - a scroll of blinking
 e - 3 scrolls of fear
 j - 2 scrolls of poison
 o - a scroll of amnesia
 p - a scroll of fog
 r - 3 scrolls of vulnerability
 t - 7 scrolls of teleportation
 w - 2 scrolls of noise
 y - a scroll of immolation {unknown}
 A - a scroll of acquirement {unknown}
 D - a scroll of identify
Potions
 b - 2 potions of magic
 c - a potion of attraction {unknown}
 h - a potion of berserk rage
 k - 2 potions of lignification {unknown}
 m - a potion of might {unknown}
 n - a potion of heal wounds
 s - 6 potions of curing
 x - 2 potions of haste {unknown}
 z - 3 potions of mutation {unknown}
 B - a potion of flight {unknown}
 C - a potion of ambrosia {unknown}


   Skills:
 + Level 2.1 Fighting
 + Level 5.7 Short Blades
 * Level 6.7 Dodging
 * Level 9.6 Stealth
 + Level 1.8 Shields
 + Level 5.4 Spellcasting
 + Level 6.1 Summonings


You had 5 spell levels left.
You knew the following spells:

 Your Spells              Type           Power      Damage    Failure   Level
a - Summon Small Mammal   Summ           100%       N/A       1%          1
b - Call Imp              Summ           31%        N/A       1%          2
c - Call Canine Familiar  Summ           31%        N/A       2%          3
d - Summon Guardian Gole  Hex/Summ       18%        N/A       9%          3
e - Summon Lightning Spi  Summ/Air       18%        N/A       28%         4

Your spell library contained the following spells:

 Spells                   Type           Power      Damage    Failure   Level
 Apportation              Tloc           10%        N/A       11%         1
 Necrotise                Necr           20%        1d5       11%         1
 Sandblast                Erth           10%        2d5       11%         1
 Passwall                 Tmut/Erth      4%         N/A       16%         2
 Stone Arrow              Conj/Erth      10%        3d7       30%         3
 Airstrike                Air            2%         2d(1-17)  71%         4
 Lightning Bolt           Conj/Air       2%         1d14      96%         5


Dungeon Overview and Level Annotations

Branches:
Dungeon (7/15)             Temple (1/1) D:6

Altars:
Ashenzari
Cheibriados
Dithmenos
Fedhas
Gozag
Hepliaklqana
Kikubaaqudgha
Makhleb
Okawaru
Ru
Sif Muna
Trog
Wu Jian
Yredelemnul
Zin
The Shining One

Shops:
D:3 (

Annotations:
D:4 Ijyb
D:7 3 runed translucent doors
Temple 2 transporters


Innate Abilities, Weirdness & Mutations

You are small and have problems with some larger weapons.
You are completely attuned to the shadows.


Message History

You climb upwards.
There is a stone staircase leading down here.
You closely miss the orc priest.
The orc priest invokes the aid of Beogh against you.
Beogh smites you!
You hit the orc priest.
The orc priest is lightly wounded.
The orc priest looks encouraged for a moment.
You closely miss the orc priest.
The orc priest is lightly wounded.
The orc priest closely misses you.
You hit the orc priest but do no damage.
The orc priest is lightly wounded.
You barely miss the orc priest. Your punch misses the orc priest.
The orc priest is lightly wounded.
The orc priest misses you.
You hit the orc priest.
The orc priest is moderately wounded.
The orc priest hits you with a +0 dagger.
You barely miss the orc priest.
The orc priest is moderately wounded.
The orc priest mumbles some strange prayers to Beogh against you.
Beogh smites you!
You hit the orc priest.
The orc priest is heavily wounded.
The orc priest mumbles some strange prayers to Beogh against you.
Pain shoots through your body!
* * * LOW HITPOINT WARNING * * *
You barely miss the orc priest. You punch the orc priest.
The orc priest is severely wounded.
The orc priest hits you with a +0 dagger.
* * * LOW HITPOINT WARNING * * *
Casting: Call Canine Familiar (dangerous; 2% risk of failure)
Confirm with . or Enter, or press ? or * to list all spells.
You miscast Call Canine Familiar.
You are very lightly contaminated with residual magic.
Nothing appears to happen.
The orc priest invokes the aid of Beogh against you.
Beogh smites you!
You die...

######### #.......# #.......#
#.......##
###############†........
#.....................##
#.##..).#..####.......#
#########.##.##@.......#.######
#.........##..o......#.#.#
##.#########....####.#...# #.#
#†.......##.....#..#
#.####.##....##......#..######
#......##.#####......#.......#
#####..##.#...(......##.#....#
#.#....##.#.##.......##.#....##
#.#.##.#....).......###.##....#


You could see an orc priest.

Vanquished Creatures
  2 ice beasts (D:6)
  2 phantoms
  A lemure (D:7)
  2 bullfrogs
  A scorpion (D:6)
  A gnoll sergeant (D:6)
  A howler monkey (D:5)
  4 hounds
  2 jellies
  Natasha (thrice) (D:4)
  An iguana (D:7)
  2 orc wizards (D:6)
  6 gnolls
  8 adders
  A shadow imp (D:5)
  4 white imps
  An ufetubus (D:4)
  2 worms
  A dart slug (D:1)
  5 orcs
  4 bats
  8 endoplasms
  2 giant cockroaches
  5 goblins
  5 hobgoblins
  5 jackals
  2 quokkas
  7 ball pythons
  4 frilled lizards
  7 kobolds
  3 rats
102 creatures vanquished.

Vanquished Creatures (collateral kills)
  Pikel (D:7)
  Menkaure (D:4)
  An ice beast (D:6)
  A necrophage (D:6)
  2 scorpions
  2 jellies
  An orc priest (D:7)
  An orc wizard (D:6)
  11 gnolls
  3 adders (D:2)
  A white imp (D:7)
  3 orcs (D:6)
  A goblin (D:1)
  2 hobgoblins (D:1)
  2 jackals (D:1)
  A ball python (D:2)
  A kobold (D:1)
35 creatures vanquished.

Vanquished Creatures (others)
  2 fungi (D:1)
2 creatures vanquished.

Grand Total: 139 creatures vanquished

Notes
Turn   | Place    | Note
-------+----------+-------------------------------------------
     0 | D:1      | LnG the Kobold Summoner began the quest for the Orb.
     0 | D:1      | Reached XP level 1. HP: 10/10 MP: 3/3
   193 | D:1      | Reached XP level 2. HP: 15/15 MP: 1/5
   364 | D:1      | Learned a level 2 spell: Call Imp
   501 | D:1      | Reached skill level 3 in Stealth
   719 | D:1      | Reached XP level 3. HP: 18/19 MP: 6/6
  1079 | D:1      | Found a faded altar of an unknown god.
  1408 | D:2      | Reached skill level 4 in Stealth
  1444 | D:2      | Reached skill level 1 in Short Blades
  1568 | D:2      | Reached XP level 4. HP: 24/24 MP: 7/7
  1572 | D:2      | Learned a level 3 spell: Call Canine Familiar
  1820 | D:2      | Noticed a scorpion
  1827 | D:2      | Killed a scorpion
  1828 | D:2      | Reached XP level 5. HP: 28/28 MP: 8/8
  1910 | D:2      | Found a bloodstained altar of Trog.
  1973 | D:2      | You fall into a shaft and drop 1 floor!
  2005 | D:3      | Found Saig's Weapon Shoppe.
  2394 | D:3      | Reached skill level 1 in Fighting
  2394 | D:3      | Reached XP level 6. HP: 10/34 MP: 9/9
  2580 | D:3      | Found an iron altar of Okawaru.
  2626 | D:3      | Reached skill level 5 in Stealth
  2668 | D:3      | Found a bloodstained altar of Trog.
  3005 | D:4      | Found a sacrificial altar of Ru.
  3108 | D:4      | Found a glowing golden altar of the Shining One.
  3579 | D:4      | Noticed Natasha
  3583 | D:4      | Killed Natasha
  3757 | D:4      | Noticed Menkaure
  3766 | D:4      | Killed Menkaure
  3767 | D:4      | Reached skill level 6 in Stealth
  3767 | D:4      | Reached XP level 7. HP: 31/38 MP: 10/10
  3875 | D:4      | Noticed Natasha
  3883 | D:4      | Killed Natasha
  3884 | D:4      | Reached skill level 1 in Shields
  3945 | D:4      | Noticed Ijyb
  4110 | D:4      | Noticed Natasha
  4119 | D:4      | Killed Natasha
  4201 | D:5      | Entered Level 5 of the Dungeon
  4378 | D:5      | HP: 1/38 [white imp/puff of frost (9)]
  4394 | D:4      | Reached skill level 5 in Dodging
  4502 | D:5      | Reached skill level 5 in Summonings
  4506 | D:5      | Learned a level 3 spell: Summon Guardian Golem
  4571 | D:5      | Reached skill level 7 in Stealth
  4571 | D:5      | Reached XP level 8. HP: 43/43 MP: 12/12
  4803 | D:5      | Found a blossoming altar of Fedhas.
  5630 | D:6      | Reached skill level 8 in Stealth
  5925 | D:6      | Found a staircase to the Ecumenical Temple.
  5939 | Temple   | Entered the Ecumenical Temple
  5942 | Temple   | Found a transporter.
  5942 | Temple   | Found a transporter.
  5944 | Temple   | Found a transporter.
  5944 | Temple   | Found a transporter.
  5969 | Temple   | Became a worshipper of Dithmenos the Shadowed
  6183 | D:6      | Found an opulent altar of Gozag.
  6184 | D:6      | Found a glowing silver altar of Zin.
  6323 | D:6      | Reached XP level 9. HP: 48/48 MP: 15/15
  6328 | D:6      | Learned a level 4 spell: Summon Lightning Spire
  6713 | D:7      | Reached skill level 9 in Stealth
  6713 | D:7      | Reached skill level 5 in Spellcasting
  6893 | D:7      | Reached skill level 5 in Short Blades
  7044 | D:7      | Found a shimmering blue altar of Sif Muna.
  7422 | D:7      | Noticed Pikel
  7455 | D:7      | Killed Pikel
  7703 | D:7      | Found a runed translucent gate.
  7705 | D:7      | Found a runed translucent gate.
  7706 | D:7      | Found a runed translucent gate.
  7911 | D:6      | Killed from afar by an orc priest

Illustrated notes

Levels and vault maps discovered:
D:1:      onia_arrival_mini_spirals, layout_basic,
          shapermc_ecumenical_altar_flowoftime, dreamdust_mushroom_princess,
          minmay_statues_item, minmay_tetromino_i4
D:2:      layout_basic, basic_altar
D:3:      layout_rooms, lemuel_coloured_pillars_altar, okawaru_trees_1,
          serial_shops, shop
D:4:      layout_basic, lemuel_crystal_altar, tso_metal_star, uniq_ijyb,
          uniq_natasha, uniq_menkaure
D:5:      layout_basic, lemuel_round_altar
D:6:      layout_basic, grunt_temple_overflow_gold_and_silver,
          minmay_temple_entry_junction, serial_glass, glass_columns_a,
          glass_columns_a, chequers_serial_rivers_room_a
D:7:      layout_layer_cave, mainiacjoe_overflow_catwalk,
          biasface_ghost_orc_armoury, uniq_pikel
Temple:   hellmonk_temple_divided_pantheon

Skill      XL: |  1  2  3  4  5  6  7  8  9 |
---------------+----------------------------+-----
Stealth        | 3 4 6 7 8 9 |  9.6
Short Blades   | 1 2 3 4 5 |  5.7
Dodging        | 3 4 5 6 |  6.7
Fighting       | 1 2 |  2.1
Shields        | 1 |  1.8
Spellcasting   | 3 4 5 |  5.4
Summonings     | 5 6 |  6.1

Action                   |  1- 3 |  4- 6 |  7- 9 || total
-------------------------+-------+-------+-------++-------
Melee: Unarmed           |    16 |       |       ||    16
       Rapier            |    74 |    91 |   224 ||   389
       Short sword       |    11 |       |       ||    11
       Punch             |       |       |     5 ||     5
 Cast: Summon Small Mamm |     9 |       |     4 ||    13
       Call Imp          |     1 |     6 |    12 ||    19
       Call Canine Famil |       |     5 |    25 ||    30
  Use: Potion            |     1 |     1 |     1 ||     3
       Scroll            |       |     7 |     8 ||    15
 Stab: Distracted        |     1 |       |     3 ||     4
       Sleeping          |    15 |    18 |    18 ||    51
Armor: Robe              |     7 |     9 |    17 ||    33
Dodge: Dodged            |    88 |    54 |   122 ||   264
Block: Other             |    13 |    15 |    43 ||    71
       Reflection        |       |       |     1 ||     1

Table legend: (Time is in decaauts)
 A = Elapsed time spent in this place.
 B = Non-inter-level travel time spent in this place.
 C = Inter-level travel time spent in this place.
 D = Time resting spent in this place.
 E = Time spent auto-exploring this place.
 F = Levels seen in this place.
 G = Mean time per level.
                   A        B        C        D        E       F      G
               +--------+--------+--------+--------+--------+-----+--------+
         Total |   7934 |   7724 |    210 |    703 |   5346 |   8 |  991.8 |
       Dungeon |   7885 |   7675 |    210 |    703 |   5336 |   7 | 1126.4 |
        Temple |     48 |     48 |      0 |      0 |     10 |   1 |   48.0 |
               +--------+--------+--------+--------+--------+-----+--------+

Top non-repeatable levels by time:
     D:4: 1389 daAuts
     D:1: 1315 daAuts
     D:6: 1296 daAuts
     D:7: 1140 daAuts
     D:5: 1135 daAuts
     D:2: 822 daAuts
     D:3: 786 daAuts
  Temple: 48 daAuts
